 Dungeon Crawl Stone Soup version 0.25-a0-413-g3b4b6a4ccc (webtiles) character file.

Game seed: 16710571574560033465, levelgen mode: deterministic

37 Alfie the Shooter (level 3, 0/27 HPs)
             Began as a Human Hunter on Jan 14, 2020.
             Slain by a bat (1 damage)
             ... on level 2 of the Dungeon.
             The game lasted 00:03:52 (720 turns).

Alfie the Shooter (Human Hunter)                     Turns: 720, Time: 00:03:52

Health: 0/27       AC:  3    Str: 13    XL:     3   Next: 62%
Magic:  3/3        EV: 12    Int: 11    God:
Gold:   90         SH:  0    Dex: 13    Spells: 2/2 levels left

rFire    . . .     SeeInvis .   a - +1 shortbow
rCold    . . .     Gourm    .   (shield currently unavailable)
rNeg     . . .     Faith    .   c - +0 leather armour
rPois    .         Spirit   .   (no helmet)
rElec    .         Reflect  .   (no cloak)
rCorr    .         Harm     .   (no gloves)
MR       .....                  (no boots)
Stlth    +.........             (no amulet)
HPRegen  0.09/turn              (no ring)
MPRegen  0.08/turn              (no ring)

@: no status effects
A: no striking features
a: no special abilities


You were on level 2 of the Dungeon.
You were not hungry.

You visited 1 branch of the dungeon, and saw 2 of its levels.

You collected 90 gold pieces.

Inventory:

Hand Weapons
 a - a +1 shortbow (weapon)
 b - a +0 short sword
Missiles
 d - 104 arrows (quivered)
Armour
 c - a +0 leather armour (worn)
Jewellery
 i - an uncursed ring of resist corrosion {unknown}
Scrolls
 e - a scroll of fear {unknown}
 h - a scroll of enchant armour {unknown}
 j - a scroll of identify {unknown}
 k - a scroll of magic mapping {unknown}
Potions
 g - a potion of lignification {unknown}
 l - a potion of ambrosia {unknown}
 m - a potion of invisibility {unknown}
 n - a potion of cancellation {unknown}
Comestibles
 f - 2 rations


   Skills:
 + Level 2.1 Fighting
 + Level 4.9 Bows
 + Level 0.2 Armour
 + Level 2.3 Dodging
 + Level 1.0 Stealth


You had 2 spell levels left.
You didn't know any spells.
Your spell library was empty.

Dungeon Overview and Level Annotations

Branches:
Dungeon (2/15)

Altars:


Message History

The worm is severely wounded.
Firing (i - inventory)
d - 107 arrows (quivered)
Press: ? - help, Shift-Dir - straight line, f/p - worm
Aim: a worm (severely wounded)
You shoot an arrow. The arrow hits the worm.
The worm is almost dead.
The worm bites you!
* * * LOW HITPOINT WARNING * * *
Firing (i - inventory)
d - 106 arrows (quivered)
Press: ? - help, Shift-Dir - straight line, f/p - worm
Aim: a worm (almost dead)
You shoot an arrow. The arrow barely misses the worm.
The worm bites you.
* * * LOW HITPOINT WARNING * * *
Firing (i - inventory)
d - 105 arrows (quivered)
Press: ? - help, Shift-Dir - straight line, f/p - worm
Aim: a worm (severely wounded)
You shoot an arrow. The arrow hits the worm.
You kill the worm!
The bat hits you.
You die...

# . .# #. #(## #.
###(..# #.#
#.b.8.+ ##.####@#
##########..[....#
........##.......#
........##.......#
........##.......#
###.######.......#
#.# ##.######
#.#######.# ###
#.........#
#.###########


You could see a bat.

Vanquished Creatures
  An adder (D:2)
  A worm (D:2)
  A dart slug (D:1)
  3 bats
  A giant cockroach (D:1)
  3 goblins (D:1)
  2 hobgoblins (D:1)
  3 jackals (D:1)
  A frilled lizard (D:1)
  A kobold (D:2)
  6 rats
23 creatures vanquished.

Notes
Turn   | Place    | Note
-------+----------+-------------------------------------------
     0 | D:1      | Alfie the Human Hunter began the quest for the Orb.
     0 | D:1      | Reached XP level 1. HP: 16/16 MP: 1/1
    97 | D:1      | Reached XP level 2. HP: 17/22 MP: 2/2
   431 | D:1      | Reached XP level 3. HP: 27/27 MP: 3/3
   719 | D:2      | HP: 1/27 [worm (1)]
   720 | D:2      | Slain by a bat

Levels and vault maps discovered:
D:1:      lemuel_arrival_broad_hall, layout_rooms
D:2:      layout_basic, lemuel_crystal_altar, marbit_many_paths,
          chequers_ecumenical_altar_twisty, grunt_ministairs_5, minivault_19,
          due_unseen_surprise

Action                   || total
-------------------------++-------
 Fire: Shortbow          ||    78
Armor: Leather armour    ||    10
Dodge: Dodged            ||    23

Table legend:
 A = Non-vault XP
 B = Vault XP
 C = Vault XP percentage of total XP
 D = Non-vault monster count
 E = Vault monster count
 F = Vault count percentage of total count
                 A         B        C        D         E       F
            +---------+---------+-------+---------+---------+-------
      Total |      49 |       5 |   9.3 |      22 |       1 |   4.3
            +---------+---------+-------+---------+---------+-------
        D:1 |      30 |       0 |   0.0 |      17 |       0 |   0.0
        D:2 |      19 |       5 |  20.8 |       5 |       1 |  16.7
            +---------+---------+-------+---------+---------+-------
